[ AOE2 MATCH · #507188577 ]
UnrankedBengalis vs Byzantines
Player's team · WIN
[ REPLAY ANALYSIS · EXTRACTED FROM THE RECORDED GAME ]
Feudal
9:20
Castle
22:04
Imperial
—
| APM avg | 49.4 |
| APM peak | 74 |
| eAPM avg | 21.1 |
| Villagers / military | 63 / 13 |
Focus
⚔️ 44.1% · 🌾 55.9%
Monk ×7 · Scout Cavalry ×6
Feudal
8:33
Castle
24:31
Imperial
—
| APM avg | 56.7 |
| APM peak | 99 |
| eAPM avg | 25.7 |
| Villagers / military | 109 / 46 |
Focus
⚔️ 40.5% · 🌾 59.5%
Scout Cavalry ×17 · Spearman ×12 · Knight ×8 · Skirmisher ×5 · Camel Scout ×4
Match map
Initial resources + every placement click. Lines = walls · curves = elevation contours. ◆ gold · ⬟ stone · ● berries · ✦ relic · ◌ wall gap
Your base· Open — unwalled flank
Sokak Köpeği's base· Open — 15t gap
Smoothed initial terrain · ◌ = detected wall gap · hover for details
Inputs per minute
— snowshawnskate - - Sokak Köpeği
Build order — snowshawnskate
First 150 of 167 actions detected
| 0:00 | Create | Villager (Male) |
| 0:01 | Create | Villager (Male) |
| 0:02 | Build | House |
| 0:03 | Build | House |
| 0:12 | Create | Villager (Male) |
| 0:19 | Create | Villager (Male) |
| 1:24 | Create | Villager (Male) |
| 2:00 | Create | Villager (Male) |
| 2:24 | Create | Villager (Male) |
| 2:26 | Build | Lumber Camp |
| 2:49 | Create | Villager (Male) |
| 3:17 | Create | Villager (Male) |
| 3:20 | Create | Villager (Male) |
| 3:48 | Create | Villager (Male) |
| 4:01 | Create | Villager (Male) |
| 4:26 | Research | Loom |
| 4:29 | Build | House |
| 4:34 | Create | Villager (Male) |
| 4:47 | Build | House |
| 5:01 | Create | Villager (Male) |
| 5:08 | Create | Villager (Male) |
| 5:14 | Create | Villager (Male) |
| 5:56 | Build | Mill |
| 6:13 | Create | Villager (Male) |
| 6:36 | Create | Villager (Male) |
| 7:10 | Research | Feudal Age |
| 8:05 | Build | Barracks |
| 8:51 | Create | Villager (Male) |
| 9:07 | Build | House |
| 9:10 | Create | Villager (Male) |
| 9:20 | Age | Feudal Age |
| 9:22 | Build | Stable |
| 9:27 | Research | Double-Bit Axe |
| 9:34 | Build | Watch Tower |
| 9:42 | Create | Villager (Male) |
| 9:49 | Build | House |
| 9:53 | Create | Villager (Male) |
| 10:31 | Create | Villager (Male) |
| 10:40 | Build | House |
| 10:52 | Create | Villager (Male) |
| 11:04 | Create | Scout Cavalry |
| 11:08 | Research | Horse Collar |
| 11:21 | Build | House |
| 11:24 | Build | Palisade Gate |
| 11:28 | Build | Palisade Wall |
| 11:33 | Build | House |
| 11:38 | Create | Villager (Male) |
| 12:04 | Create | Scout Cavalry |
| 12:10 | Build | House |
| 12:13 | Build | Palisade Gate |
| 12:24 | Create | Villager (Male) |
| 12:27 | Build | House |
| 12:48 | Create | Villager (Male) |
| 12:57 | Build | Farm |
| 12:59 | Build | Farm |
| 13:00 | Build | Farm |
| 13:07 | Build | Market |
| 13:10 | Build | House |
| 13:20 | Create | Scout Cavalry |
| 13:21 | Create | Villager (Male) |
| 13:50 | Create | Villager (Male) |
| 14:09 | Create | Scout Cavalry |
| 14:16 | Research | Wheelbarrow |
| 14:23 | Build | Farm |
| 14:30 | Build | Lumber Camp |
| 14:37 | Create | Scout Cavalry |
| 14:38 | Create | Villager (Male) |
| 14:39 | Build | Farm |
| 15:07 | Build | Farm |
| 15:17 | Build | Farm |
| 16:03 | Create | Villager (Male) |
| 16:05 | Build | Farm |
| 16:07 | Build | Farm |
| 16:08 | Build | Farm |
| 16:13 | Create | Villager (Male) |
| 16:16 | Build | Farm |
| 16:22 | Create | Scout Cavalry |
| 16:44 | Build | Mining Camp |
| 16:49 | Build | Palisade Wall |
| 16:51 | Build | Palisade Wall |
| 16:52 | Build | Palisade Wall |
| 16:52 | Build | Palisade Wall |
| 17:00 | Create | Villager (Male) |
| 17:20 | Build | Farm |
| 17:45 | Create | Villager (Male) |
| 18:23 | Build | Farm |
| 18:57 | Build | Mining Camp |
| 19:04 | Build | Farm |
| 19:24 | Research | Castle Age |
| 19:47 | Build | Mill |
| 19:55 | Build | Blacksmith |
| 20:36 | Build | Mining Camp |
| 20:42 | Research | Forging |
| 20:46 | Research | Bloodlines |
| 21:01 | Build | Watch Tower |
| 22:04 | Age | Castle Age |
| 22:13 | Build | Monastery |
| 22:19 | Create | Villager (Male) |
| 22:41 | Create | Monk |
| 22:49 | Create | Villager (Male) |
| 23:15 | Create | Villager (Male) |
| 23:24 | Research | Light Cavalry (upgrade) |
| 23:31 | Build | Town Center |
| 23:36 | Create | Monk |
| 24:00 | Create | Villager (Male) |
| 24:16 | Research | Husbandry |
| 24:43 | Create | Monk |
| 24:45 | Create | Villager (Male) |
| 24:57 | Create | Villager (Male) |
| 25:11 | Create | Villager (Male) |
| 25:17 | Build | Farm |
| 25:17 | Build | Farm |
| 25:18 | Build | Farm |
| 25:18 | Build | Farm |
| 25:18 | Build | Farm |
| 25:18 | Build | Farm |
| 25:40 | Build | Watch Tower |
| 26:06 | Create | Villager (Male) |
| 26:06 | Create | Villager (Male) |
| 26:26 | Create | Monk |
| 26:29 | Create | Villager (Male) |
| 26:29 | Create | Villager (Male) |
| 26:32 | Build | Lumber Camp |
| 26:47 | Build | Watch Tower |
| 27:18 | Create | Villager (Male) |
| 27:24 | Build | Mining Camp |
| 27:24 | Create | Villager (Male) |
| 27:25 | Create | Villager (Male) |
| 27:25 | Create | Villager (Male) |
| 28:20 | Create | Villager (Male) |
| 28:21 | Create | Villager (Male) |
| 28:31 | Create | Villager (Male) |
| 28:53 | Build | Town Center |
| 28:56 | Create | Villager (Male) |
| 28:58 | Create | Villager (Male) |
| 29:09 | Create | Monk |
| 29:20 | Build | Farm |
| 29:24 | Build | Farm |
| 29:41 | Create | Villager (Male) |
| 29:41 | Create | Villager (Male) |
| 29:44 | Build | House |
| 29:44 | Build | House |
| 29:44 | Build | House |
| 29:45 | Build | House |
| 30:02 | Research | Fletching |
| 30:25 | Create | Villager (Male) |
| 30:42 | Build | Watch Tower |
| 30:47 | Create | Villager (Male) |
| 30:47 | Create | Villager (Male) |
| 31:06 | Create | Monk |
Build order — Sokak Köpeği
First 150 of 281 actions detected
| 0:00 | Create | Villager (Male) |
| 0:00 | Create | Villager (Male) |
| 0:00 | Create | Villager (Male) |
| 0:02 | Build | House |
| 0:02 | Build | House |
| 0:10 | Create | Villager (Male) |
| 1:33 | Create | Villager (Male) |
| 1:34 | Create | Villager (Male) |
| 2:03 | Create | Villager (Male) |
| 2:04 | Create | Villager (Male) |
| 2:18 | Create | Villager (Male) |
| 2:30 | Create | Villager (Male) |
| 2:52 | Create | Villager (Male) |
| 2:52 | Create | Villager (Male) |
| 3:01 | Build | Lumber Camp |
| 3:12 | Create | Villager (Male) |
| 3:12 | Create | Villager (Male) |
| 3:25 | Create | Villager (Male) |
| 3:47 | Create | Villager (Male) |
| 3:47 | Create | Villager (Male) |
| 3:57 | Build | House |
| 4:33 | Create | Villager (Male) |
| 4:33 | Create | Villager (Male) |
| 4:33 | Create | Villager (Male) |
| 4:34 | Create | Villager (Male) |
| 4:34 | Create | Villager (Male) |
| 4:34 | Create | Villager (Male) |
| 4:38 | Create | Villager (Male) |
| 4:39 | Create | Villager (Male) |
| 5:06 | Build | Mill |
| 5:14 | Create | Villager (Male) |
| 5:15 | Create | Villager (Male) |
| 5:35 | Create | Villager (Male) |
| 5:35 | Create | Villager (Male) |
| 6:23 | Research | Feudal Age |
| 6:23 | Research | Feudal Age |
| 6:52 | Build | House |
| 6:58 | Research | Loom |
| 7:40 | Build | Barracks |
| 8:33 | Age | Feudal Age |
| 8:36 | Build | Archery Range |
| 8:37 | Create | Villager (Male) |
| 8:46 | Research | Double-Bit Axe |
| 8:48 | Create | Villager (Male) |
| 9:04 | Create | Skirmisher |
| 9:05 | Create | Spearman |
| 9:10 | Create | Villager (Male) |
| 9:18 | Build | Farm |
| 9:28 | Build | Watch Tower |
| 9:44 | Create | Spearman |
| 10:01 | Create | Villager (Male) |
| 10:20 | Build | House |
| 10:25 | Create | Skirmisher |
| 10:44 | Create | Villager (Male) |
| 10:44 | Create | Villager (Male) |
| 10:50 | Create | Villager (Male) |
| 10:50 | Create | Villager (Male) |
| 10:58 | Build | Farm |
| 10:58 | Build | Farm |
| 11:25 | Create | Villager (Male) |
| 11:25 | Create | Villager (Male) |
| 11:29 | Build | Mining Camp |
| 11:51 | Create | Villager (Male) |
| 12:04 | Build | Farm |
| 12:06 | Create | Spearman |
| 12:21 | Build | House |
| 12:29 | Create | Villager (Male) |
| 12:32 | Create | Spearman |
| 12:35 | Build | House |
| 12:52 | Build | Watch Tower |
| 12:55 | Build | Farm |
| 12:59 | Create | Spearman |
| 13:07 | Build | House |
| 13:10 | Build | Palisade Wall |
| 13:16 | Create | Skirmisher |
| 13:20 | Build | House |
| 13:22 | Build | Palisade Wall |
| 13:24 | Build | Palisade Wall |
| 13:32 | Create | Villager (Male) |
| 13:41 | Build | House |
| 13:42 | Build | Palisade Wall |
| 13:43 | Create | Villager (Male) |
| 13:43 | Create | Villager (Male) |
| 13:55 | Create | Villager (Male) |
| 13:55 | Create | Villager (Male) |
| 14:04 | Build | Blacksmith |
| 14:25 | Build | Stone Wall |
| 14:26 | Build | Stone Wall |
| 14:27 | Build | Stone Wall |
| 14:37 | Create | Villager (Male) |
| 14:39 | Create | Villager (Male) |
| 14:40 | Create | Villager (Male) |
| 14:57 | Build | Farm |
| 14:59 | Build | House |
| 15:02 | Build | Stone Wall |
| 15:03 | Build | Stone Wall |
| 15:05 | Build | Stone Wall |
| 15:06 | Build | Stone Wall |
| 15:07 | Build | Stone Wall |
| 15:10 | Create | Villager (Male) |
| 15:12 | Build | House |
| 15:22 | Build | Palisade Wall |
| 15:31 | Build | Stone Wall |
| 15:32 | Build | Stone Wall |
| 15:32 | Build | Stone Wall |
| 15:37 | Create | Villager (Male) |
| 15:39 | Create | Spearman |
| 15:41 | Build | House |
| 15:49 | Build | Watch Tower |
| 15:56 | Build | House |
| 16:08 | Build | House |
| 16:12 | Create | Villager (Male) |
| 16:14 | Build | Farm |
| 16:16 | Build | Farm |
| 16:22 | Create | Skirmisher |
| 16:23 | Create | Spearman |
| 16:24 | Create | Villager (Male) |
| 16:40 | Create | Villager (Male) |
| 16:45 | Build | Farm |
| 16:47 | Create | Spearman |
| 17:00 | Create | Villager (Male) |
| 17:05 | Build | Stone Wall |
| 17:11 | Build | Farm |
| 17:22 | Create | Skirmisher |
| 17:23 | Create | Villager (Male) |
| 17:28 | Build | Farm |
| 17:33 | Create | Spearman |
| 17:36 | Create | Spearman |
| 17:41 | Build | Farm |
| 17:44 | Create | Villager (Male) |
| 17:56 | Build | Stone Wall |
| 17:56 | Build | Stone Wall |
| 17:57 | Build | Stone Wall |
| 18:01 | Create | Villager (Male) |
| 18:13 | Create | Villager (Male) |
| 18:21 | Create | Villager (Male) |
| 18:30 | Build | Watch Tower |
| 18:37 | Create | Villager (Male) |
| 18:41 | Build | Mining Camp |
| 18:45 | Research | Wheelbarrow |
| 18:45 | Research | Wheelbarrow |
| 18:46 | Research | Wheelbarrow |
| 19:25 | Build | Stone Wall |
| 19:26 | Build | Stone Wall |
| 19:27 | Build | Stone Wall |
| 19:27 | Build | Stone Wall |
| 19:28 | Build | Stone Wall |
| 19:30 | Build | Stone Wall |
| 19:38 | Create | Spearman |
| 19:41 | Build | Stone Wall |
Match timeline
| 7:40 | Sokak Köpeği · first_building Barracks |
| 8:05 | snowshawnskate · first_building Barracks |
| 8:33 | Sokak Köpeği · age_up feudal |
| 8:36 | Sokak Köpeği · first_building Archery Range |
| 9:20 | snowshawnskate · age_up feudal |
| 9:22 | snowshawnskate · first_building Stable |
| 11:28 | snowshawnskate · wall_segment Palisade Wall x1 |
| 13:10 | Sokak Köpeği · wall_segment Palisade Wall x6 |
| 13:22 | Sokak Köpeği · wall_segment Palisade Wall x1 |
| 13:24 | Sokak Köpeği · wall_segment Palisade Wall x1 |
| 13:42 | Sokak Köpeği · wall_segment Palisade Wall x1 |
| 14:25 | Sokak Köpeği · wall_segment Stone Wall x1 |
| 14:26 | Sokak Köpeği · wall_segment Stone Wall x1 |
| 14:27 | Sokak Köpeği · wall_segment Stone Wall x1 |
| 15:02 | Sokak Köpeği · wall_segment Stone Wall x1 |
| 15:03 | Sokak Köpeği · wall_segment Stone Wall x1 |
| 15:05 | Sokak Köpeği · wall_segment Stone Wall x1 |
| 15:06 | Sokak Köpeği · wall_segment Stone Wall x1 |
| 15:07 | Sokak Köpeği · wall_segment Stone Wall x1 |
| 15:22 | Sokak Köpeği · wall_segment Palisade Wall x1 |
| 15:31 | Sokak Köpeği · wall_segment Stone Wall x1 |
| 15:32 | Sokak Köpeği · wall_segment Stone Wall x1 |
| 15:32 | Sokak Köpeği · wall_segment Stone Wall x1 |
| 16:49 | snowshawnskate · wall_segment Palisade Wall x5 |
| 16:51 | snowshawnskate · wall_segment Palisade Wall x5 |
| 16:52 | snowshawnskate · wall_segment Palisade Wall x5 |
| 16:52 | snowshawnskate · wall_segment Palisade Wall x4 |
| 17:05 | Sokak Köpeği · wall_segment Stone Wall x1 |
| 17:50 | snowshawnskate · first_market_sell 100 wood |
| 17:56 | Sokak Köpeği · wall_segment Stone Wall x1 |
| 17:56 | Sokak Köpeği · wall_segment Stone Wall x1 |
| 17:57 | Sokak Köpeği · wall_segment Stone Wall x1 |
| 18:34 | snowshawnskate · first_market_buy 100 food |
| 19:25 | Sokak Köpeği · wall_segment Stone Wall x1 |
| 19:26 | Sokak Köpeği · wall_segment Stone Wall x1 |
| 19:27 | Sokak Köpeği · wall_segment Stone Wall x1 |
| 19:27 | Sokak Köpeği · wall_segment Stone Wall x1 |
| 19:28 | Sokak Köpeği · wall_segment Stone Wall x1 |
| 19:30 | Sokak Köpeği · wall_segment Stone Wall x1 |
| 19:41 | Sokak Köpeği · wall_segment Stone Wall x1 |
| 19:43 | Sokak Köpeği · wall_segment Stone Wall x1 |
| 19:45 | Sokak Köpeği · wall_segment Stone Wall x1 |
| 22:04 | snowshawnskate · age_up castle |
| 22:13 | snowshawnskate · first_building Monastery |
| 22:40 | Sokak Köpeği · first_building Stable |
| 23:19 | Sokak Köpeği · wall_segment Stone Wall x1 |
| 23:20 | Sokak Köpeği · wall_segment Stone Wall x1 |
| 23:20 | Sokak Köpeği · wall_segment Stone Wall x1 |
| 23:21 | Sokak Köpeği · wall_segment Stone Wall x1 |
| 23:26 | Sokak Köpeği · wall_segment Stone Wall x1 |
| 24:12 | Sokak Köpeği · wall_segment Stone Wall x1 |
| 24:31 | Sokak Köpeği · age_up castle |
| 24:59 | Sokak Köpeği · wall_segment Stone Wall x1 |
| 24:59 | Sokak Köpeği · wall_segment Stone Wall x1 |
| 31:32 | Sokak Köpeği · first_building Siege Workshop |
| 31:53 | Sokak Köpeği · first_market_buy 100 food |
| 32:44 | snowshawnskate · wall_segment Stone Wall x4 |
| 32:45 | snowshawnskate · wall_segment Stone Wall x1 |
| 32:45 | Sokak Köpeği · first_market_sell 500 wood |
| 33:46 | Sokak Köpeği · wall_segment Stone Wall x1 |
| 33:52 | snowshawnskate · first_building Castle |
| 34:50 | Sokak Köpeği · resign |
[ AI ANALYSIS · 1 CREDIT ]
What really happened in this match?
Wolo.gg analyzes every decision: build order, eco, micro, common mistakes by bracket. Personalized analysis on WhatsApp or Discord in 30 seconds.
Civ guide
Bengalis
Perfil
Jugador #1193732